 Dungeon Crawl Stone Soup version 0.31.0-32-g396128a36d (webtiles) character file.

Game seed: 5538350636018684812

13715 Curundu the Severer (level 11, -2/153 HPs)
             Began as a Minotaur Berserker on Mar 27, 2024.
             Was an Elder of Trog.
             Slain by a red ugly thing (23 damage)
             ... on level 11 of the Dungeon.
             The game lasted 00:29:44 (11695 turns).

Curundu the Severer (Minotaur Berserker)           Turns: 11695, Time: 00:29:44

Health: -2/153     AC: 28    Str: 26    XL:     11   Next: 79%
Magic:  10/10      EV:  9    Int:  4    God:    Trog [****..]
Gold:   735        SH:  0    Dex: 10    Spells: 10/10 levels left

rFire   . . .        o - +7 hand axe of the Powerful God {protect, Will+ rCorr Stlth+}
rCold   . . .        (no shield)
rNeg    . . .        x - +3 plate armour
rPois   .            (helmet restricted)
rElec   .            q - +0 cloak
rCorr   +            t - +0 pair of gloves
SInv    .            (no boots)
Will    +....        (no amulet) Stlth
                     (no ring)
HPRegen 0.45/turn    (no ring)
MPRegen 0.12/turn

%: no passive effects
@: berserking, under a protective aura, very quick
A: horns 2, retaliatory headbutt
a: Renounce Religion, Berserk, Trog's Hand, Brothers in Arms


You were on level 11 of the Dungeon.
You worshipped Trog.
Trog was greatly pleased with you.
You visited 1 branch of the dungeon, and saw 12 of its levels.

You collected 735 gold pieces.

Inventory:

Hand Weapons
 o - the +7 hand axe of the Powerful God (weapon) {protect, Will+ rCorr Stlth+}
   (You found it on level 2 of the Dungeon)

   Will+:     It increases your willpower.
   rCorr:     It protects you from acid and corrosion.
   Stlth+:    It makes you more stealthy.
 v - a +1 war axe
Missiles
 e - a throwing net
 r - 6 silver javelins (quivered)
 s - a boomerang
Armour
 q - a +0 cloak (worn)
 t - a +0 pair of gloves (worn)
 x - a +3 plate armour (worn)
Jewellery
 g - a ring of flight
Wands
 i - a wand of polymorph (27)
 B - a wand of charming (5)
 C - a wand of flame (36)
 F - a wand of mindburst (17)
Scrolls
 a - 2 scrolls of vulnerability
 c - 5 scrolls of teleportation
 j - a scroll of blinking
 p - a scroll of fog
 u - a scroll of identify
 w - 3 scrolls of enchant weapon
Potions
 b - a potion of cancellation
 d - a potion of invisibility
 f - 2 potions of ambrosia
 h - a potion of might
 k - a potion of mutation {unknown}
 l - 2 potions of lignification
 m - 3 potions of haste
 n - 4 potions of curing


   Skills:
 + Level 11.2 Fighting
 + Level 15.1 Axes
 + Level 11.5 Armour
 + Level 5.9 Dodging
 + Level 3.9 Stealth


You had 10 spell levels left.
You didn't know any spells.
Your spell library was empty.

Dungeon Overview and Level Annotations

Branches:
Dungeon (12/15)            Temple (0/1) D:6            Lair (0/5) D:8
    Orc (0/2) D:9

Altars:
Dithmenos
Gozag
Okawaru
Vehumet
Yredelemnul

Shops:
D:2 (


Innate Abilities, Weirdness & Mutations

You have a pair of horns on your head.
You reflexively headbutt those who attack you in melee.


Message History

The cyclops throws a large rock.
The large rock hits you!!
You climb upwards.
There is a stone staircase leading down here.
You hit the red ugly thing.
Your weapon exudes an aura of protection.
The red ugly thing is lightly wounded.
You hit the large slime creature.
A large slime creature splits.
The red ugly thing bites you.
You are engulfed in flames!
You hit the red ugly thing. Your punch misses the red ugly thing.
The red ugly thing is lightly wounded.
You barely miss the slime creature. You hit the slime creature.
The slime creature hits you but does no damage.
You completely miss the red ugly thing. You headbutt the red ugly thing!
The red ugly thing is moderately wounded.
You slash the slime creature! You hit the slime creature.
The red ugly thing bites you but does no damage.
The slime creature barely misses you.
You slash the red ugly thing!
Your headbutt misses the red ugly thing.
The red ugly thing is heavily wounded.
You hit the slime creature. x2
The slime creature hits you but does no damage.
The red ugly thing bites you but does no damage.
You hit the slime creature.
The slime creature is moderately wounded.
You hit the slime creature but do no damage.
You closely miss the red ugly thing. The slime creature closely misses you.
You slash the slime creature!
The slime creature is heavily wounded.
You hit the slime creature. You hit the red ugly thing.
The slime creature barely misses you. The red ugly thing bites you.
You are engulfed in flames!
* * * LOW HITPOINT WARNING * * *
The slime creature hits you but does no damage.
A red film seems to cover your vision as you go berserk!
You feel yourself moving faster!
You feel mighty! The slime creature closely misses you.
The red ugly thing bites you.
* * * LOW HITPOINT WARNING * * *
You are engulfed in flames!!
You die...

#.# #........#.)#.<. #.#
####.....####... #.#
#..........## ##.###########
#............ .............##
#............ ##........>...####
#.....~...... .................#
#..)..~~..... ##########.....JJ#
#.........~.. ##............u@#
#...<........
#............#######............
#............# #................
#..†.........# #................
#.#########..# #...)~~..........
#.# #..# #..))≈)..#...####
##.#########..# #...~≈~..#...#
#.............# #.....~..#...#
#..#########.####........#..)####


You could see a red ugly thing and 2 slime creatures.

Vanquished Creatures
  Pikel (D:4)
  An ugly thing (D:7)
  Maurice (D:9)
  A cyclops (D:11)
  2 manticores (D:11)
  Joseph (D:7)
  A guardian serpent (D:11)
  A kobold demonologist (D:10)
  Maggie (D:9)
  Psyche (D:9)
  A troll (D:10)
  Sigmund (D:2)
  A slime creature (D:11)
  2 shadows
  A wraith (D:10)
  3 humans (D:7)
  7 yaks (D:10)
  4 vampire mosquitoes
  The ghost of Lungfish the Magician, an amateur DjAE (D:4)
  An acid dragon (D:10)
  Duvessa (D:4)
  A water moccasin (D:5)
  2 ice beasts
  4 orc warriors
  A sky beast (D:6)
  An ogre (D:6)
  12 centaurs
  A phantom (D:6)
  Blork the orc (D:6)
  3 bullfrogs
  7 kobold brigands
  4 scorpions
  9 wights
  Dowan (D:4)
  9 killer bees
  4 howler monkeys
  A bombardier beetle (D:5)
  2 hounds
  3 jellies
  4 orc priests
  Crazy Yiuf (D:2)
  A gnoll bouda (D:9)
  A sleepcap (D:5)
  Terence (D:3)
  3 iguanas
  Natasha (thrice) (D:3)
  13 orc wizards
  Robin (D:3)
  15 gnolls
  9 adders
  2 white imps (D:6)
  2 ufetubi (D:5)
  3 ribbon worms
  2 dart slugs
  44 orcs
  7 endoplasms
  4 giant cockroaches
  11 goblins
  16 hobgoblins
  2 jackals (D:1)
  4 quokkas
  7 ball pythons
  7 bats
  3 frilled lizards
  26 kobolds
  7 rats
299 creatures vanquished.

Vanquished Creatures (collateral kills)
  The ghost of Tovical the Bludgeoner, a journeyman GrFi of Zin (D:10)
  2 kobold demonologists (D:10)
  5 kobold brigands (D:10)
8 creatures vanquished.

Grand Total: 307 creatures vanquished

Notes
Turn   | Place    | Note
-------+----------+-------------------------------------------
     0 | D:1      | Curundu the Minotaur Berserker began the quest for the Orb.
     0 | D:1      | Reached XP level 1. HP: 19/19 MP: 0/0
   121 | D:1      | Reached XP level 2. HP: 15/27 MP: 1/1
   122 | D:1      | Reached skill level 4 in Axes
   568 | D:1      | Reached XP level 3. HP: 30/33 MP: 2/2
   651 | D:1      | Reached ** piety under Trog
   888 | D:2      | Noticed Sigmund
   896 | D:2      | Killed Sigmund
   897 | D:2      | Reached skill level 5 in Fighting
   897 | D:2      | Reached skill level 5 in Axes
   897 | D:2      | Reached XP level 4. HP: 26/42 MP: 3/3
   897 | D:2      | Reached XP level 5. HP: 30/48 MP: 4/4
   908 | D:2      | Found Enent's Antique Weapon Emporium.
  1154 | D:2      | Identified the +7 hand axe of the Powerful God {protect,
                  | Will+ rCorr Stlth+}
  1157 | D:2      | Reached skill level 1 in Stealth
  1547 | D:2      | Found a runed translucent door.
  1548 | D:2      | Noticed Crazy Yiuf
  1555 | D:2      | Killed Crazy Yiuf
  1556 | D:2      | Reached XP level 6. HP: 56/56 MP: 5/5
  1665 | D:3      | Reached skill level 6 in Axes
  1679 | D:3      | Noticed Terence
  1691 | D:3      | Killed Terence
  2002 | D:3      | Noticed Natasha
  2006 | D:3      | Killed Natasha
  2009 | D:3      | Reached XP level 7. HP: 60/61 MP: 6/6
  2054 | D:3      | Found a faded altar of an unknown god.
  2185 | D:3      | Noticed Natasha
  2189 | D:3      | Reached skill level 7 in Axes
  2190 | D:3      | Killed Natasha
  2365 | D:3      | Noticed Robin
  2371 | D:3      | Killed Robin
  2371 | D:3      | Reached *** piety under Trog
  2520 | D:3      | Noticed Natasha
  2543 | D:3      | Killed Natasha
  2755 | D:4      | Noticed Duvessa
  2755 | D:4      | Noticed Dowan
  2785 | D:4      | Killed Dowan
  2788 | D:4      | HP: 1/93 [Duvessa/+1 short sword of speed (9)]
  2789 | D:4      | Killed Duvessa
  3130 | D:4      | Reached skill level 8 in Axes
  3248 | D:4      | Found a runed translucent door.
  3248 | D:4      | Noticed Lungfish's ghost (amateur DjAE)
  3284 | D:4      | Killed Lungfish's ghost
  3285 | D:4      | Reached XP level 8. HP: 70/70 MP: 7/7
  3327 | D:4      | Noticed Pikel
  3337 | D:4      | Killed Pikel
  3338 | D:4      | Reached skill level 9 in Axes
  3338 | D:4      | Reached skill level 5 in Dodging
  3810 | D:5      | Entered Level 5 of the Dungeon
  4110 | D:5      | You fall into a shaft and drop 1 floor!
  4114 | D:6      | Noticed Blork the orc
  4118 | D:6      | Killed Blork the orc
  4530 | D:5      | Reached XP level 9. HP: 79/79 MP: 8/8
  4553 | D:5      | Reached skill level 10 in Axes
  5223 | D:6      | Found a staircase to the Ecumenical Temple.
  5299 | D:6      | Reached **** piety under Trog
  5300 | D:6      | Reached skill level 11 in Axes
  5691 | D:7      | Noticed a cyan ugly thing
  5707 | D:7      | Killed a cyan ugly thing
  6150 | D:7      | Reached skill level 5 in Armour
  6181 | D:7      | Reached skill level 12 in Axes
  6467 | D:7      | Reached XP level 10. HP: 90/90 MP: 9/9
  6493 | D:7      | Found a shadowy altar of Dithmenos.
  6584 | D:7      | Found an iron altar of Okawaru.
  6659 | D:7      | Noticed Joseph
  6685 | D:7      | Killed Joseph
  7262 | D:8      | Found a staircase to the Lair.
  8115 | D:9      | Reached skill level 13 in Axes
  8282 | D:9      | Found a basalt altar of Yredelemnul.
  8378 | D:9      | Found a staircase to the Orcish Mines.
  8427 | D:9      | Noticed Maggie
  8443 | D:9      | Killed Maggie
  8480 | D:9      | Noticed Maurice
  8485 | D:9      | Killed Maurice
  8742 | D:9      | Noticed Psyche
  8751 | D:9      | Killed Psyche
  8761 | D:9      | Identified the +0 long sword of Yrarab {freeze, *Slow rPois
                  | rCorr Int+3 SInv}
  8844 | D:10     | Entered Level 10 of the Dungeon
  8859 | D:10     | Found an opulent altar of Gozag.
  8880 | D:10     | Found a radiant altar of Vehumet.
  8991 | D:10     | Found a runed translucent gate.
  8991 | D:10     | Found a runed translucent gate.
  8991 | D:10     | Found a runed translucent gate.
  8992 | D:10     | Noticed Tovical's ghost (journeyman GrFi)
  9280 | D:10     | Reached skill level 10 in Fighting
  9280 | D:10     | Reached XP level 11. HP: 78/99 MP: 10/10
  9420 | D:10     | Reached skill level 14 in Axes
  9818 | D:10     | Reached skill level 10 in Armour
  9830 | D:10     | Killed Tovical's ghost
 11381 | D:11     | Identified the +8 falchion of Ojeum {holy, Fly Str+4}
 11514 | D:12     | Noticed a red ugly thing
 11522 | D:12     | Reached skill level 15 in Axes
 11695 | D:11     | Slain by a red ugly thing

Illustrated notes

Levels and vault maps discovered:
D:1:      mrwooster_arrival_statue_2, layout_basic
D:2:      layout_basic, serial_shops, nicolae_shop_hallway_plus,
          wad_floor_pattern_untrapped, minmay_pentomino_x4, uniq_sigmund,
          uniq_crazy_yiuf_cottage
D:3:      cheibrodos_thug_alley, layout_basic, basic_ecumenical_altar,
          grunt_ministairs_3, minmay_misc_feat_ornament, uniq_natasha,
          uniq_terence, uniq_robin
D:4:      layout_loops_ring, gammafunk_ghost_grave, uniq_duvessa, uniq_pikel
D:5:      layout_loops_corners
D:6:      layout_basic, minmay_temple_entry_overgrown, feat_on_display,
          uniq_blork_the_orc
D:7:      layout_cave_pods, nicolae_dithmenos_the_darkroom,
          lemuel_coloured_pillars_altar, minmay_ruffians, uniq_joseph
D:8:      layout_loops_ring, lair_entry_dummy, minmay_misc_feat_four_crosses
D:9:      layout_gridville, general_overflow_altar, orc_0_dummy, uniq_maggie,
          uniq_psyche, uniq_maurice
D:10:     layout_gridville, mainiacjoe_overflow_large_starburst,
          gammafunk_ghost_nasty_kobolds
D:11:     layout_basic, nrook_guardian_serpent_ordinary
D:12:     minmay_slanted_spiral_squares, layout_cave_pools, grunt_potential,
          uniq_nessos

Skill      XL: |  1  2  3  4  5  6  7  8  9 10 11 |
---------------+----------------------------------+-----
Fighting       | 4 5 6 7 8 10 11 | 11.2
Axes           | 4 5 6 8 9 12 13 15 | 15.1
Dodging        | 3 4 5 |  5.9
Stealth        | 1 3 |  3.9
Armour         | 3 6 9 11 | 11.5

Action                     |  1- 3 |  4- 6 |  7- 9 | 10-12 || total
---------------------------+-------+-------+-------+-------++-------
  Melee: Hand axe          |    46 |    57 |   259 |   342 ||   704
         Headbutt          |     8 |     9 |    41 |    74 ||   132
         Punch             |     1 |       |     1 |     3 ||     5
 Invoke: Trog's Hand       |     1 |     2 |     8 |     8 ||    19
         Berserk           |       |     1 |     3 |     3 ||     7
         Brothers in Arms  |       |       |       |     1 ||     1
    Use: Scroll            |       |       |    10 |    13 ||    23
   Stab: Sleeping          |     1 |     3 |     3 |       ||     7
         Distracted        |       |       |     1 |       ||     1
 Armour: Animal skin       |    34 |    41 |    72 |       ||   147
         Chain mail        |       |       |    30 |       ||    30
         Plate armour      |       |       |    99 |   343 ||   442
  Dodge: Dodged            |    43 |    39 |   110 |   177 ||   369
